Unix NetHack Version 3.7.0-90 Work-in-progress - last build Dec 4 2023 15:25:40 (a4ad6ea61a8c493010e15c9251bbb19a34919cb7,branch:master). Game began 2023-12-04 22:08:22, ended 2023-12-04 22:20:12. elenmirie, neutral female human Priestess ----- ------- |...| --------- #.....<| |...| |.......+ #|......# |...| ----- |.......| #|.....|# ----- ----- |....# |...-# |.......| ##-------# #-...| #-...| |...|### |...|# |......@.# ## ### #|...| #|...| |...| ###-...|# ..F.....q#* # # #|...| ##|...| -.--- |...|## |.......|# # ## ## #|....###### |..>| # --.-- # ------.|-# # # #----- |...| ### # # # .--------# # #### |...| # # #### ( |........# # # ----- #### *# #### # |.......-# # # ### ##------.---- # |.......| # # --------|--- # |......._.| ### |.......| #-----# |.....(....| ##..........| # ........| #|...|# |..........| |.........| ##-.....{.| #-....# |....).....| ----------- --------- |...| ------------ ----- Elenmirie the Acolyte St:11 Dx:11 Co:14 In:12 Wi:18 Ch:10 Neutral Dlvl:5 $:87 HP:0(29) Pw:35(35) AC:5 Xp:4/137 T:2055 Latest messages: You feel a bit steadier now. You stop searching. That door is closed. The door opens. The iguana bites! You hit the iguana. You kill the iguana! You miss the iguana. The iguana bites! You miss the iguana. The iguana bites! You kill the iguana! There is an uncursed iguana corpse here; eat it? [ynq] (n) y Blecch! Rotten food! You see here 11 cursed crossbow bolts. You see here an uncursed large box. Hmmm, the large box turns out to be locked. Unlock it with your lock pick? [ynq] (q) y You succeed in picking the lock. j - 2 uncursed brown potions (4 in total). You hit the fog cloud. You miss the fog cloud. You miss the fog cloud. You miss the fog cloud. You miss the fog cloud. You destroy the fog cloud! You see here 8 uncursed rocks. You hit the gray ooze! The gray ooze bites! Your robe is not affected by oxidation. You hit the gray ooze! You kill the gray ooze! You see here an uncursed pick-axe. The rothe hits! The rothe bites! The rothe bites again! You miss the rothe. The rothe hits! The rothe bites! The rothe bites again! You see here an uncursed pick-axe. The rothe misses! The rothe bites! The rothe bites again! You die... Do you want your possessions identified? [ynq] (y) y Do you want to see your attributes? [ynq] (y) y Do you want an account of creatures vanquished? [ynaq] (y) y Do you want to see your conduct and achievements? [ynq] (y) y Do you want to see the dungeon overview? [ynq] (y) y Inventory: Coins $ - 87 gold pieces Weapons a - a blessed +1 mace (weapon in right hand) l - an uncursed +0 mace Armor v - an uncursed +0 pair of iron shoes (being worn) k - a cursed -1 pair of jumping boots c - an uncursed +0 small shield (being worn) b - an uncursed +0 robe (being worn) Comestibles e - an uncursed clove of garlic q - an uncursed cram ration f - an uncursed sprig of wolfsbane m - an uncursed tripe ration Scrolls r - an uncursed scroll of blank paper s - a cursed scroll of confuse monster p - a blessed scroll of enchant weapon Spellbooks h - an uncursed spellbook of detect food g - an uncursed spellbook of healing Potions j - 4 uncursed potions of healing d - 4 potions of holy water o - a potion of unholy water Tools x - an uncursed blindfold n - a cursed lock pick Elenmirie the Priestess's attributes: Background: You were an Acolyte, a level 4 human Priestess. You were neutral, on a mission for Odin who was opposed by Tyr (lawful) and Loki (chaotic). You were right-handed. You were in the Dungeons of Doom, on level 5. You entered the dungeon 2055 turns ago. It was nighttime. You had 137 experience points, 23 more were needed to attain level 5. Basics: You had 0 out of 29 hit points. You had all 35 energy points (spell power). Your armor class was 5. Your wallet contained 87 zorkmids. Autopickup was on for '$' plus thrown. Final Characteristics: Your strength was 11 (limit:18/100). Your dexterity was 11 (limit:18). Your constitution was 14 (limit:18). Your intelligence was 12 (limit:18). Your wisdom was 18 (limit:18). Your charisma was 10 (limit:18). Final Status: You weren't hungry. You were unencumbered. You were wielding a mace. You had basic skill with mace. Final Attributes: You were devoutly aligned. You were guarded. You are dead. Miscellaneous: You never encountered a bones level. Total elapsed playing time was 11 minutes and 49 seconds. Major events: Turn 1: elenmirie the neutral human Priestess entered the dungeon 1164: attained the rank of Acolyte (level 3) 1313: entered the Gnomish Mines 2055: killed by a rothe Vanquished creatures: a fog cloud a shrieker a gray ooze a floating eye a dwarf a giant bat 5 iguanas an acid blob a coyote a hobbit 2 giant rats a yellow mold a red mold 5 gnomes 5 jackals a fox 2 kobolds 3 goblins 6 grid bugs 2 lichens 2 newts 44 creatures vanquished. No species were genocided or became extinct. Voluntary challenges: You read items or engraved 1 time. You never engraved Elbereth. You never genocided any monsters. You never polymorphed an object. You never changed form. You used no wishes. Achievements: You attained the rank of Acolyte. You entered the Gnomish Mines. The Dungeons of Doom: levels 1 to 5 Level 1: Level 2: A fountain. Level 3: A fountain. Level 4: A fountain. Stairs down to The Gnomish Mines. Level 5: <- You were here. An altar, a fountain. Final resting place for you, killed by a rothe. The Gnomish Mines: Level 5: Game over: ---------- / \ / REST \ / IN \ / PEACE \ / \ | elenmirie | | 87 Au | | killed by a | | rothe | | | | | | 2023 | *| * * * | * _________)/\\_//(\/(/\)/\//\/|_)_______ Goodbye elenmirie the Priestess... You died in The Dungeons of Doom on dungeon level 5 with 827 points, and 87 pieces of gold, after 2055 moves. You were level 4 with a maximum of 29 hit points when you died.